 Dungeon Crawl Stone Soup version 0.31-a0-691-g409c26aa35 (webtiles) character file.

Game seed: 12558665600066502954

198 qw the Shooter (level 5, 0/32 HPs)
             Began as a Gargoyle Hunter on Sept 6, 2023.
             Killed from afar by an orc wizard (5 damage)
             ... with a puff of flame
             ... on level 3 of the Dungeon.
             The game lasted 00:00:52 (1983 turns).

qw the Shooter (Gargoyle Hunter)                    Turns: 1983, Time: 00:00:52

Health: 0/32       AC: 10    Str: 14    XL:     5   Next: 77%
Magic:  5/5        EV: 10    Int: 10    God:
Gold:   127        SH:  0    Dex: 15    Spells: 4/4 levels left

rFire   . . .        Y - +0 shortbow (drain)
rCold   . . .        (shield currently unavailable)
rNeg    + . .        d - +0 ring mail
rPois   inf          a - +0 helmet
rElec   +            (no cloak)
rCorr   .            (no gloves)
SInv    .            (no boots)
Will    .....        (no amulet)
Stlth   +            (no ring)
HPRegen 0.25/turn    (no ring)
MPRegen 0.09/turn

%: no passive effects
@: no status effects
A: sickness immunity, AC +4, negative energy resistance 1, electricity
resistance, torment resistance 1, petrification resistance
a: no special abilities


You were on level 3 of the Dungeon.
You visited 1 branch of the dungeon, and saw 5 of its levels.

You collected 127 gold pieces.


Innate Abilities, Weirdness & Mutations

You are immune to sickness and miasma.
Your stone body is resilient. (AC +4)
You are immune to poison.
You resist negative energy. (rN+)
You are resistant to electric shocks. (rElec)
You are resistant to unholy torment.
You are immune to petrification.


   Skills:
 + Level 3.6 Fighting
 - Level 6.1 Ranged Weapons
 - Level 1.0 Armour
 - Level 1.5 Dodging
 - Level 1.1 Stealth


You had 4 spell levels left.
You didn't know any spells.
Your spell library was empty.

Inventory:

Hand Weapons
 Y - a +0 shortbow of draining (weapon)
Armour
 a - a +0 helmet (worn)
 d - a +0 ring mail (worn)
Potions
 e - a potion of invisibility {unknown}
 h - a potion of curing {unknown}
 i - a potion of might {unknown}

Dungeon Overview and Level Annotations

Branches:
Dungeon (5/15)
 Temple: D:4-7

Altars:
Elyvilon


Message History

The worm is almost dead.
Something hits you. The worm barely misses you.
You shoot an arrow. The arrow hits the worm!
You kill the worm!
Something hits you but does no damage. x2
You shoot an arrow. Something hits you but does no damage.
You shoot an arrow.
You hear some strange, mumbled words.
A puff of flame appears from out of thin air!
The puff of flame hits you!
You shoot an arrow.
An endoplasm comes into view.
Something hits you but does no damage.
1972 ||| FLEEEEING.
You hear some strange, mumbled words.
You are confused.
You hear some strange, mumbled words.
Something tries to affect you, but you resist.
Something completely misses you. Something hits you but does no damage.
You feel less confused. Something hits you but does no damage.
The endoplasm barely misses you.
You shoot an arrow. The arrow hits the endoplasm!
You kill the endoplasm!
Something hits you but does no damage.
1979 ||| STILL FLEEEEING.
You hear some strange, mumbled words.
A puff of flame appears from out of thin air!
The puff of flame hits you!
1980 ||| STILL FLEEEEING.
1981 ||| STILL FLEEEEING.
A magic dart appears from out of thin air!
The magic dart hits you!
You shoot an arrow. You shoot an arrow.
You hear some strange, mumbled words.
A puff of flame appears from out of thin air!
The puff of flame hits you.
You die...

#...##.^..^..##
######...#.......^.#
#..................#
#........)..>..^....
#......#.#...w......
###........#..^......# #
........{.###^^^....## #
####.#.##.###.....## #
#.#@# ## ###.### # #.#.#
#.# # #.#.# .# # #.#.# #
########.#.###### ##
#.............<...
.######.###.............
..................######
.######.###...##..#


There were no monsters in sight!

Vanquished Creatures
  A hound (D:4)
  An iguana (D:5)
  8 adders
  3 worms
  A dart slug (D:2)
  An orc (D:3)
  5 ball pythons
  2 bats
  11 endoplasms
  3 giant cockroaches
  5 goblins
  2 hobgoblins
  2 jackals (D:1)
  2 quokkas
  4 frilled lizards
  5 kobolds
  3 rats
59 creatures vanquished.

Notes
Turn   | Place    | Note
-------+----------+-------------------------------------------
     0 | D:1      | qw the Gargoyle Hunter began the quest for the Orb.
     0 | D:1      | Reached XP level 1. HP: 12/12 MP: 1/1
     0 | D:1      | 0 ||| qw: Version: 0.3-a-76-g4403597
     0 | D:1      | 0 ||| qw: Game counter: 7
     0 | D:1      | 0 ||| qw: Melee chars always use a shield: true
     0 | D:1      | 0 ||| qw: God list: Okawaru
     0 | D:1      | 0 ||| qw: Allow faded altars: false
     0 | D:1      | 0 ||| qw: Do Orc after clearing Dungeon:15 true
     0 | D:1      | 0 ||| qw: Do second Lair branch before Depths: true
     0 | D:1      | 0 ||| qw: Lair rune preference: random
     0 | D:1      | 0 ||| qw: Goals: Normal
     0 | D:1      | 0 ||| PLANNING D:1-11
    83 | D:1      | Reached XP level 2. HP: 17/17 MP: 2/2
   530 | D:1      | Reached XP level 3. HP: 21/21 MP: 3/3
   595 | D:1      | Reached skill level 5 in Ranged Weapons
   714 | D:1      | 714 ||| UPGRADING to +0 ring mail.
   724 | D:1      | 724 ||| DROPPING +0 leather armour.
   725 | D:1      | 725 ||| READING scroll labelled JOAQOTZI WEAH.
   726 | D:1      | 726 ||| READING scroll labelled REH ISHEOLU.
   727 | D:1      | 727 ||| DROPPING scroll of butterflies.
   788 | D:2      | Reached skill level 1 in Armour
  1269 | D:2      | Reached XP level 4. HP: 27/27 MP: 4/4
  1274 | D:2      | Reached skill level 3 in Fighting
  1577 | D:2      | 1577 ||| READING scroll labelled SNT OTOUGOMEIPP.
  1578 | D:2      | 1578 ||| READING scroll labelled RAIFIESUSK.
  1579 | D:2      | 1579 ||| DRINKING 2 glowing black potions.
  1580 | D:2      | 1580 ||| DROPPING potion of degeneration.
  1751 | D:3      | You fall into a shaft and drop 2 floors!
  1751 | D:5      | Entered Level 5 of the Dungeon
  1763 | D:5      | Reached XP level 5. HP: 17/32 MP: 5/5
  1827 | D:5      | Found a white marble altar of Elyvilon.
  1840 | D:5      | 1840 ||| UPGRADING to +0 helmet.
  1845 | D:5      | 1845 ||| READING scroll labelled FAROM XUXKUNO.
  1913 | D:4      | Reached skill level 6 in Ranged Weapons
  1941 | D:4      | 1941 ||| READING scroll labelled WEADOU OMPASIS.
  1948 | D:3      | 1948 ||| Stepping ~*~*~tactically~*~*~ (retreating).
  1949 | D:3      | 1949 ||| Stepping ~*~*~tactically~*~*~ (retreating).
  1950 | D:3      | 1950 ||| Stepping ~*~*~tactically~*~*~ (retreating).
  1951 | D:3      | 1951 ||| Stepping ~*~*~tactically~*~*~ (retreating).
  1972 | D:3      | 1972 ||| FLEEEEING.
  1981 | D:3      | HP: 5/32 [something/magic dart (9)]
  1983 | D:3      | Killed from afar by an orc wizard

Levels and vault maps discovered:
D:1:      minmay_arrival_five_plusses, layout_loops_ring, chequers_mini_garden
D:2:      layout_loops_corners, due_unseen_surprise
D:3:      layout_loops_ring, nicolae_wormholes
D:4:      layout_rooms, nicolae_tso_swordbearing_angel, uniq_duvessa
D:5:      layout_layer_cave, general_overflow_altar, serial_shops, shop,
          shop_coins, kennysheep_dice

Skill      XL: |  1  2  3  4  5 |
---------------+----------------+-----
Ranged Weapons | 5 6 |  6.1
Armour         | 1 |  1.0
Fighting       | 3 |  3.6
Dodging        | |  1.5
Stealth        | |  1.1

Action                     |  1- 3 |  4- 6 || total
---------------------------+-------+-------++-------
   Fire: Shortbow          |   107 |   103 ||   210
    Use: Scroll            |     2 |     4 ||     6
         Potion            |       |     1 ||     1
 Armour: Leather armour    |    13 |       ||    13
         Ring mail         |    20 |    69 ||    89
  Dodge: Dodged            |    31 |    24 ||    55

Table legend:
 A = Non-vault XP
 B = Vault XP
 C = Vault XP percentage of total XP
 D = Non-vault monster count
 E = Vault monster count
 F = Vault count percentage of total count
                 A         B        C        D         E       F
            +---------+---------+-------+---------+---------+-------
      Total |     274 |      10 |   3.5 |      57 |       2 |   3.4
            +---------+---------+-------+---------+---------+-------
        D:1 |      39 |       0 |   0.0 |      22 |       0 |   0.0
        D:2 |      61 |       0 |   0.0 |      13 |       0 |   0.0
        D:3 |      58 |      10 |  14.7 |      13 |       2 |  13.3
        D:4 |      81 |       0 |   0.0 |       8 |       0 |   0.0
        D:5 |      35 |       0 |   0.0 |       1 |       0 |   0.0
            +---------+---------+-------+---------+---------+-------
